 Dungeon Crawl Stone Soup version 0.30-a0-222-ge547ba4400 (webtiles) character file.

Game seed: 13574181391050893003

25061 lorenzova the Eclecticist (level 12, -12/59 HPs)
             Began as a Deep Elf Conjurer on Oct 8, 2022.
             Was a Priest of Vehumet.
             Killed by an exploding fulminant prism (49 damage)
             ... on level 2 of the Lair of Beasts.
             The game lasted 00:35:11 (15491 turns).

lorenzova the Eclecticist (Deep Elf Conjurer)      Turns: 15491, Time: 00:35:12

Health: -12/59     AC:  9    Str:  4    XL:     12   Next: 86%
Magic:  35/43      EV: 13    Int: 35    God:    Vehumet [***...]
Gold:   407        SH:  0    Dex: 13    Spells: 30/44 levels left

rFire   . . .      SeeInvis .    g - staff of air
rCold   . . .      Faith    .    (no shield)
rNeg    . . .      Spirit   .    I - +3 leather armour {rPois}
rPois   +          Reflect  .    (no helmet)
rElec   +          Harm     .    M - scarf {repulsion}
rCorr   .          Rampage  .    c - +2 pair of gloves
Will    +....                    (no boots)
Stlth   ++........               J - amulet of magic regeneration
HPRegen 0.29/turn                u - ring of magical power
MPRegen 0.68/turn                y - +6 ring of intelligence

@: repel missiles
A: no striking features
a: Renounce Religion


You were on level 2 of the Lair of Beasts.
You worshipped Vehumet.
Vehumet was most pleased with you.
You visited 3 branches of the dungeon, and saw 14 of its levels.

You collected 703 gold pieces.
You spent 296 gold pieces at shops.

Inventory:

Hand Weapons
 F - the +6 quarterstaff "Tormentor" {flame, rPois}
   (You found it on level 11 of the Dungeon)

   It burns those it strikes, dealing additional fire damage.
   rPois:     It protects you from poison.
Armour
 c - a +2 pair of gloves (worn)
 p - a +1 robe of fire resistance
 I - a +3 leather armour of poison resistance (worn)
 M - a scarf of repulsion (worn)
Magical Staves
 f - a staff of poison
 g - a staff of air (weapon)
 s - a staff of cold
Jewellery
 u - a ring of magical power (left hand)
 y - a +6 ring of intelligence (right hand)
 J - an amulet of magic regeneration (around neck)
Wands
 H - a wand of digging (4)
Scrolls
 e - 4 scrolls of magic mapping
 k - a scroll of enchant armour
 l - 3 scrolls of poison
 m - 2 scrolls of teleportation
 A - a scroll of identify
 B - a scroll of silence
 D - 2 scrolls of torment
Potions
 b - 3 potions of magic
 d - 6 potions of mutation
 h - 2 potions of haste
 i - 3 potions of flight
 o - 3 potions of heal wounds
 q - 7 potions of curing
 t - a potion of experience
 v - 2 potions of might
 w - 3 potions of brilliance
 x - a potion of resistance
 z - a potion of degeneration {unknown}
 G - a potion of lignification {unknown}
 O - 2 potions of ambrosia {unknown}
 Q - a potion of invisibility {unknown}
 R - 2 potions of attraction


   Skills:
 + Level 7.3 Dodging
 - Level 2.4 Stealth
 * Level 16.7 Spellcasting
 * Level 14.7 Conjurations
 - Level 6.0 Hexes
 - Level 6.0 Translocations
 * Level 8.7 Fire Magic


You had 30 spell levels left.
You knew the following spells:

 Your Spells              Type           Power      Damage    Failure   Level
a - Magic Dart            Conj           100%       1d8       0%          1
b - Searing Ray           Conj           100%       2d8       0%          2
c - Iskenderun's Mystic   Conj/Tloc      80%        2d16      1%          4
d - Fulminant Prism       Conj/Hex       40%        3d20      1%          4
e - Foxfire               Conj/Fire      100%       2x1d9     0%          1
p - Blink                 Tloc           100%       N/A       1%          2

Your spell library contained the following spells:

 Spells                   Type           Power      Damage    Failure   Level
 Kindle Blastsparks       Fire/Tloc/Air  100%       2d18      1%          3
 Apportation              Tloc           100%       N/A       1%          1
 Momentum Strike          Conj/Tloc      100%       3d10      1%          2
 Poisonous Vapours        Pois/Air       86%        N/A       1%          2
 Dazzling Flash           Conj/Hex       100%       N/A       1%          3
 Lesser Beckoning         Tloc           100%       N/A       1%          3
 Manifold Assault         Tloc           63%        N/A       1%          4
 Necrotise                Necr           100%       1d9       2%          1
 Sting                    Tmut/Pois      100%       1d8       2%          1
 Summon Small Mammal      Summ           100%       N/A       2%          1
 Olgreb's Toxic Radiance  Pois           29%        N/A       6%          4
 Silence                  Hex/Air        33%        N/A       19%         5
 Agony                    Necr           29%        N/A       52%         5
 Storm Form               Tmut/Air       21%        N/A       100%        7


Dungeon Overview and Level Annotations

Branches:
Dungeon (11/15)            Temple (1/1) D:7            Lair (2/5) D:11
  Swamp: Lair:2-3    Shoals: Lair:2-3     Snake: Lair:2-3    Spider: Lair:2-3
    Orc: D:9-12

Altars:
Ashenzari
Cheibriados
Dithmenos
Elyvilon
Fedhas
Gozag
Hepliaklqana
Kikubaaqudgha
Makhleb
Nemelex Xobeh
Okawaru
Qazlal
Ru
Trog
Uskayaw
Vehumet
Wu Jian
Xom
Yredelemnul
Zin
The Shining One

Shops:
D:3 *   D:4 !   D:7 (   D:9 !*

Portals:
Abyss: D:9

Annotations:
D:3 3 runed translucent doors, Inkie2's ghost, amateur DgWr
D:9 2 transporters, eyesofgods1's ghost, novice VSCj
D:10 exclusion: 2 downstairs
Lair:2 Harold


Message History

A fulminant prism comes into view.
Harold fires a harpoon shot at you. The harpoon shot hits you!
You are yanked forward by the harpoon shot.
Your fulminant prism crackles loudly.
Unknown command.
Casting: Fulminant Prism (safe; 1% risk of failure)
Confirm with . or Enter, or press ? or * to list all spells.
You erupt in a blast of force!
The mystic blast hits Harold!
Harold is lightly wounded.
Harold is knocked back by the mystic blast.
Harold slams into the rock wall!
A water moccasin comes into view.
Your fulminant prism explodes!
The blast of energy engulfs the fungus!!!
The fungus begins to die.
The fungus is moderately damaged.
The blast of energy engulfs you!!
The water moccasin hisses angrily.
You feel much better. Harold fires a harpoon shot at you.
The harpoon shot misses you.
Casting: Iskenderun's Mystic Blast (safe; 1% risk of failure)
Confirm with . or Enter, or press ? or * to list all spells.
Aiming: Fulminant Prism (safe; 1% risk of failure)
Press: ? - help, Dir - move target You conjure a prism of explosive energy!
A fulminant prism comes into view.
Harold throws a throwing net.
The throwing net barely misses you.
Your fulminant prism crackles loudly.
You see here a throwing net.
Harold fires a harpoon shot at you. The harpoon shot hits you!
You are yanked forward by the harpoon shot.
Your fulminant prism explodes!
The blast of energy engulfs Harold!!
Harold is heavily wounded.
The blast of energy engulfs you!!!
Ouch! That really hurt!
You die...

.#......P.....#........
..............#P......
.P...................
.#...........P...#...##
.#......#....##P...#..#.
..#.....................
..†..........S...@......
...†<...........@.......
......†.................
.###.###......(.........
## #.# #.#.P.#..#######.
### ###.###### ###


You could see Harold and a water moccasin.

Vanquished Creatures
  2 hydras (Lair:2)
  Erica (D:11)
  A two-headed ogre (D:8)
  Sonja (D:11)
  5 skeletal warriors (D:11)
  An ugly thing (D:10)
  2 cyclopes
  7 elephants (Lair:1)
  Maggie (D:7)
  2 gargoyles
  4 cane toads
  An unseen horror (D:11)
  2 komodo dragons
  A meliai (D:9)
  A troll (D:9)
  A wind drake (shapeshifter) (D:9)
  7 slime creatures
  3 blink frogs (Lair:1)
  2 wraiths
  2 shadows
  A vampire (D:11)
  29 yaks
  A steam dragon (D:9)
  Grum (Lair:1)
  Edmund (D:6)
  A water moccasin (Lair:1)
  3 orc warriors
  4 black bears
  An ice beast (D:8)
  2 ogres
  3 wolves (Lair:1)
  9 centaurs
  5 kobold brigands
  2 gnoll sergeants (D:9)
  A necrophage (D:5)
  9 bullfrogs
  3 scorpions
  15 wights
  3 killer bees (D:9)
  A howler monkey (D:5)
  3 hounds
  A jelly (D:8)
  4 orc priests
  A gnoll bouda (D:5)
  4 iguanas
  5 orc wizards
  Robin (D:2)
  20 gnolls
  6 adders
  2 river rats (D:5)
  A shadow imp (D:6)
  3 ufetubi
  2 worms
  3 dart slugs
  23 orcs
  8 endoplasms
  2 giant cockroaches
  18 goblins
  7 hobgoblins
  2 quokkas
  7 ball pythons
  6 bats
  2 frilled lizards (D:1)
  32 kobolds
  4 rats
309 creatures vanquished.

Vanquished Creatures (others)
  85 fulminant prisms
  4 fungi
  93 plants
182 creatures vanquished.

Grand Total: 491 creatures vanquished

Notes
Turn   | Place    | Note
-------+----------+-------------------------------------------
     0 | D:1      | lorenzova the Deep Elf Conjurer began the quest for the
                  | Orb.
     0 | D:1      | Reached XP level 1. HP: 10/10 MP: 6/6
   174 | D:1      | Reached XP level 2. HP: 15/15 MP: 4/8
   178 | D:1      | Learned a level 2 spell: Searing Ray
   884 | D:2      | Found a faded altar of an unknown god.
   980 | D:2      | Reached skill level 4 in Spellcasting
  1055 | D:2      | Reached XP level 3. HP: 19/19 MP: 7/10
  1060 | D:2      | Reached skill level 5 in Conjurations
  1212 | D:2      | Reached XP level 4. HP: 24/24 MP: 2/12
  1320 | D:2      | Noticed Robin
  1329 | D:2      | Killed Robin
  1330 | D:2      | Reached skill level 5 in Spellcasting
  2073 | D:3      | Reached XP level 5. HP: 13/28 MP: 5/14
  2165 | D:3      | Found Ano Ekloank's Assorted Antiques.
  2817 | D:3      | Noticed Inkie2's ghost (amateur DgWr)
  2818 | D:3      | Found a runed translucent gate.
  2818 | D:3      | Found a runed translucent gate.
  2818 | D:3      | Found a runed translucent gate.
  3146 | D:4      | Reached skill level 6 in Spellcasting
  3189 | D:4      | Reached XP level 6. HP: 32/32 MP: 17/17
  3230 | D:4      | Learned a level 4 spell: Iskenderun's Mystic Blast
  3235 | D:4      | Learned a level 4 spell: Fulminant Prism
  3238 | D:4      | Learned a level 2 spell: Blink
  3427 | D:4      | Reached skill level 1 in Hexes
  3427 | D:4      | Reached skill level 1 in Translocations
  3486 | D:4      | Reached skill level 7 in Spellcasting
  3730 | D:4      | Found Vueviej's Distillery.
  3738 | D:4      | Reached XP level 7. HP: 36/36 MP: 19/19
  4069 | D:5      | Entered Level 5 of the Dungeon
  4198 | D:5      | You fall into a shaft and drop 2 floors!
  4254 | D:7      | Noticed Maggie
  4267 | D:7      | Killed Maggie
  4268 | D:7      | Reached skill level 8 in Spellcasting
  4468 | D:5      | Reached XP level 8. HP: 38/41 MP: 22/22
  4604 | D:5      | Reached skill level 9 in Spellcasting
  5079 | D:5      | Found a broken altar of Ashenzari.
  5302 | D:5      | Identified the +2 leather armour of Beemuvo {Harm Rampage
                  | rC- Int+9}
  6021 | D:6      | Noticed Edmund
  6028 | D:6      | Killed Edmund
  6248 | D:7      | Reached skill level 5 in Hexes
  6248 | D:7      | Reached XP level 9. HP: 40/45 MP: 13/24
  6404 | D:7      | Found a staircase to the Ecumenical Temple.
  6410 | Temple   | Entered the Ecumenical Temple
  6475 | Temple   | Became a worshipper of Vehumet
  6570 | D:7      | Reached skill level 10 in Spellcasting
  7350 | D:7      | Found Liehom's Weapon Emporium.
  7542 | D:8      | Reached skill level 11 in Spellcasting
  7542 | D:8      | Reached skill level 10 in Conjurations
  7546 | D:8      | Reached skill level 5 in Translocations
  7886 | D:8      | Noticed a two-headed ogre
  7896 | D:8      | Killed a two-headed ogre
  7896 | D:8      | Reached * piety under Vehumet
  7896 | D:8      | Offered knowledge of Foxfire by Vehumet.
  7897 | D:8      | Reached skill level 12 in Spellcasting
  7897 | D:8      | Reached XP level 10. HP: 50/50 MP: 10/28
  8525 | D:9      | Found a shadowy altar of Dithmenos.
  8665 | D:9      | Found a sparkling altar of Nemelex Xobeh.
  8871 | D:9      | Noticed a cyclops
  8874 | D:9      | Killed a cyclops
  8875 | D:9      | Reached skill level 13 in Spellcasting
  9224 | D:9      | Found Guokyism's Distillery.
  9229 | D:9      | Bought a potion of magic for 128 gold pieces
  9311 | D:9      | Found a hide-covered altar of Uskayaw.
  9451 | D:9      | Learned a level 1 spell: Foxfire
  9461 | D:9      | Found a one-way gate to the infinite horrors of the Abyss.
  9462 | D:9      | Noticed a worldbinder
  9464 | D:9      | Noticed a toenail golem
  9473 | D:9      | Noticed a wizard
  9479 | D:9      | Found a transporter.
  9558 | D:9      | Noticed eyesofgods1's ghost (novice VSCj)
  9596 | D:9      | Reached skill level 1 in Fire Magic
  9698 | D:9      | Found an ornate altar of the Wu Jian Council.
  9830 | D:9      | Found Cagg's Neck Hole.
  9836 | D:9      | Bought a scarf of repulsion for 168 gold pieces
 10101 | D:9      | Reached ** piety under Vehumet
 10101 | D:9      | Offered knowledge of Sandblast by Vehumet.
 10173 | D:9      | Found a transporter.
 10225 | D:9      | Reached skill level 14 in Spellcasting
 10225 | D:9      | Reached XP level 11. HP: 54/54 MP: 19/31
 10368 | D:9      | Found a bloodstained altar of Trog.
 10406 | D:9      | Identified the +0 shortbow of Radicalism {venom, rC+ Int+3
                  | Stlth+}
 10772 | D:10     | Entered Level 10 of the Dungeon
 11028 | D:10     | Noticed a brown ugly thing
 11037 | D:10     | Killed a brown ugly thing
 11722 | D:10     | Found a glowing silver altar of Zin.
 11723 | D:10     | Found a sacrificial altar of Ru.
 11821 | D:11     | Noticed Erica
 11827 | D:11     | Killed Erica
 11907 | D:11     | Noticed a skeletal warrior
 11910 | D:11     | Noticed a skeletal warrior
 11912 | D:11     | Noticed a skeletal warrior
 11916 | D:11     | Noticed a skeletal warrior
 11919 | D:11     | Killed a skeletal warrior
 11920 | D:11     | Reached skill level 5 in Fire Magic
 11923 | D:11     | Noticed a skeletal warrior
 11925 | D:11     | Killed a skeletal warrior
 11926 | D:11     | Reached skill level 15 in Spellcasting
 11932 | D:11     | Killed a skeletal warrior
 11932 | D:11     | Offered knowledge of Stone Arrow by Vehumet.
 11933 | D:11     | Reached skill level 5 in Dodging
 11936 | D:11     | Killed a skeletal warrior
 11938 | D:11     | Killed a skeletal warrior
 12162 | D:11     | Noticed a boulder beetle
 12728 | D:11     | Reached XP level 12. HP: 44/59 MP: 29/33
 13099 | D:11     | Reached *** piety under Vehumet
 13143 | D:11     | Found a staircase to the Lair.
 13147 | D:11     | Identified the +6 quarterstaff "Tormentor" {flame, rPois}
 13205 | Lair:1   | Entered Level 1 of the Lair of Beasts
 13410 | D:11     | Noticed Sonja
 13418 | D:11     | Killed Sonja
 13982 | Lair:1   | Noticed Grum
 13991 | Lair:1   | Killed Grum
 14095 | Lair:1   | Reached skill level 16 in Spellcasting
 14477 | Lair:1   | Offered knowledge of Kindle Blastsparks by Vehumet.
 15435 | Lair:2   | Noticed a six-headed hydra
 15445 | Lair:2   | Killed a six-headed hydra
 15468 | Lair:2   | Noticed a seven-headed hydra
 15474 | Lair:2   | Killed a seven-headed hydra
 15484 | Lair:2   | Noticed Harold
 15491 | Lair:2   | Killed by an exploding fulminant prism

Illustrated notes

Levels and vault maps discovered:
D:1:      scummos_arrival_forest, layout_basic
D:2:      layout_rooms, shapermc_ecumenical_altar_mp_ritualfount, serial_rivers,
          chequers_serial_rivers_micro_e, chequers_serial_rivers_micro_c,
          chequers_serial_rivers_large_a, chequers_serial_rivers_micro_c,
          chequers_serial_rivers_small_a, chequers_serial_rivers_small_3,
          minmay_cut_off, uniq_robin
D:3:      layout_loops_ring, serial_shops, shop, gammafunk_ghost_nasty_kobolds
D:4:      layout_loops_ring, serial_shops, nicolae_shop_statue_plus,
          minmay_ruptured
D:5:      wad_woods_stonehenge, layout_basic
D:6:      layout_loops_ring, uniq_edmund
D:7:      layout_layer_cave, minmay_temple_entry_hall, serial_shops,
          kennysheep_mini_moat, minivault_26, uniq_maggie
D:8:      minmay_spotlight, layout_basic
D:9:      nzn_winding_woodlands_small [nzn_winding_woodlands_5x15_lazy_stream,
          nzn_winding_woodlands_center_triple_pond,
          nzn_winding_woodlands_5x15_cabin], layout_grid_maze,
          mainiacjoe_overflow_alcove_4, grunt_dithmenos_shadows,
          nicolae_uskayaw_murder_on_the_dancefloor, lemuel_tele_altar,
          mainiacjoe_overflow_brackets, gammafunk_ghost_abyssal_escape,
          serial_shops, shop_fountains, nicolae_shop_sticking_my_neck_out
D:10:     layout_roguey, gammafunk_temple_overflow_pools
D:11:     layout_loops_ring, david_lair_shrubbed, uniq_erica, uniq_sonja
Temple:   regret_index_temple_waves
Lair:1:   layout_concentric_octagons, uniq_grum
Lair:2:   beast_lair_carwin_large_1, layout_gridlike, minmay_shoals_entry_hut,
          spider_nest_entry_a, lemuel_fruit_tree, uniq_gastronok, uniq_harold

Skill      XL: |  1  2  3  4  5  6  7  8  9 10 11 12 |
---------------+-------------------------------------+-----
Spellcasting   | 4 5 6 7 8 9 12 14 15 16 | 16.7
Conjurations   | 5 6 7 8 9 10 12 13 14 | 14.7
Hexes          | 1 3 5 6 |  6.0
Translocations | 1 2 4 5 6 |  6.0
Fire Magic     | 2 6 8 |  8.7
Dodging        | 3 5 7 |  7.3
Stealth        | |  2.4

Action                   |  1- 3 |  4- 6 |  7- 9 | 10-12 || total
-------------------------+-------+-------+-------+-------++-------
Melee: Staff             |       |       |     5 |     2 ||     7
 Cast: Magic Dart        |    50 |    85 |    90 |    58 ||   283
       Searing Ray       |     2 |    11 |    22 |     8 ||    43
       Iskenderun's Myst |       |       |    17 |   145 ||   162
       Fulminant Prism   |       |       |    15 |    70 ||    85
  Use: Scroll            |       |     3 |     2 |    15 ||    20
       Potion            |       |       |       |     3 ||     3
Armor: Robe              |       |     3 |     2 |       ||     5
       Leather armour    |       |       |       |    18 ||    18
Dodge: Dodged            |     2 |    13 |    10 |    35 ||    60
       Repelled          |       |       |       |     2 ||     2

Table legend: (Time is in decaauts)
 A = Elapsed time spent in this place.
 B = Non-inter-level travel time spent in this place.
 C = Inter-level travel time spent in this place.
 D = Time resting spent in this place.
 E = Time spent auto-exploring this place.
 F = Levels seen in this place.
 G = Mean time per level.
                   A        B        C        D        E       F      G
               +--------+--------+--------+--------+--------+-----+--------+
         Total |  15543 |  15038 |    505 |   5433 |   7210 |  14 | 1110.2 |
       Dungeon |  13591 |  13185 |    406 |   4631 |   6546 |  11 | 1235.5 |
        Temple |    126 |     66 |     60 |      0 |     49 |   1 |  126.0 |
          Lair |   1825 |   1786 |     39 |    802 |    615 |   2 |  912.5 |
               +--------+--------+--------+--------+--------+-----+--------+

Top non-repeatable levels by time:
     D:9: 2322 daAuts
  Lair:1: 1755 daAuts
    D:10: 1670 daAuts
     D:7: 1319 daAuts
    D:11: 1236 daAuts
     D:4: 1159 daAuts
     D:3: 1052 daAuts
     D:5: 1051 daAuts
     D:2: 1008 daAuts
     D:8: 960 daAuts
     D:6: 948 daAuts
     D:1: 862 daAuts
  Temple: 126 daAuts
  Lair:2: 69 daAuts
